[Event "Titled Tuesday Blitz January 25 2022"]
[White "Fawzy, Adham"]
[Black "Sjugirov, Sanan"]
[WhiteFideId "10613129"]
[BlackFideId "4189302"]
[WhiteElo "2510"]
[BlackElo "2602"]
[Result "0-1"]
[Round "06"]
[TimeControl "180+1"]
[Date "2022.01.26"]
[WhiteClock "0:00:01"]
[BlackClock "0:00:04"]

1. e4 c5 2. c4 Nc6 3. Nc3 g6 4. g3 Bg7 5. Bg2 d6 6. Nge2 e6 7. d3 Nge7 8. Be3 Nd4 9. O-O O-O 10. Qd2 Nec6 11. Bh6 Bxh6 12. Qxh6 Rb8 13. Nxd4 Nxd4 14. Qd2 a6 15. Rab1 b5 16. cxb5 axb5 17. b4 e5 18. f4 f6 19. Nd5 Be6 20. Ne3 Ra8 21. Rb2 Ra3 22. f5 Bf7 23. fxg6 Bxg6 24. Bh3 Kg7 25. Ng4 c4 26. Qh6+ Kh8 27. Rbf2 f5 28. Ne3 f4 29. gxf4 exf4 30. Nd5 f3 31. Bf5 Bxf5 32. exf5 Nxf5 33. Qf4 Rxd3 34. Qe4 Qe8 35. Qxe8 Rxe8 36. Nc7 Re5 37. Rxf3 Rxf3 38. Rxf3 Kg7 39. a4 bxa4 40. b5 Nd4 41. Rg3+ Kf7 42. b6 Re1+ 43. Kg2 Rb1 44. Nd5 Rb5 45. Nc3 Rxb6 46. Nxa4 Rb3 47. Kh3 Rxg3+ 48. hxg3 Ke6 49. Nc3 Ke5 50. Kg4 Ne6 51. Kf3 Kd4 52. Nb5+ Kd3 53. Nxd6 c3 54. Ne4 c2 55. Nf2+ Kd2 56. Ne4+ Ke1 57. Nf2 Nc5 58. Nd3+ Nxd3 0-1


[Site "https://www.chess.com"]

[Event "Titled Tuesday Blitz January 25 2022"]
[White "Gaehwiler, Gabriel"]
[Black "Nozdrachev, Leonid"]
[WhiteFideId "1314530"]
[BlackFideId "24113433"]
[WhiteElo "2383"]
[BlackElo "2124"]
[Result "1/2-1/2"]
[Round "06"]
[TimeControl "180+1"]
[Date "2022.01.26"]
[WhiteClock "0:00:09"]
[BlackClock "0:00:09"]

1. d4 Nf6 2. c4 e5 3. dxe5 Ng4 4. Nf3 Nc6 5. e3 Bb4+ 6. Bd2 Qe7 7. Nc3 Bxc3 8. Bxc3 Ngxe5 9. Nxe5 Nxe5 10. Be2 d6 11. Rc1 O-O 12. O-O b6 13. f3 f5 14. Bxe5 Qxe5 15. Qd5+ Be6 16. Qd4 c5 17. Qxe5 dxe5 18. Rfd1 Rfd8 19. Kf2 Kf7 20. f4 Kf6 21. h4 g6 22. g3 h6 23. Bf3 Rab8 24. b3 g5 25. hxg5+ hxg5 26. Be2 Rh8 27. Rh1 Rbd8 28. Rxh8 Rxh8 29. Rg1 Rd8 30. Rd1 Rh8 31. Rg1 Bc8 32. Bf3 Rh2+ 33. Rg2 Rxg2+ 34. Bxg2 Be6 35. Bc6 Bc8 36. Ke2 Be6 37. Kd3 Bc8 38. Kc3 exf4 39. exf4 Kg6 40. Bf3 Kf6 41. Kd3 Bd7 42. Bd5 Bc8 43. Ke3 Bd7 44. Kd2 Bc8 45. Kc3 gxf4 46. gxf4 Bd7 47. a3 a5 48. Kd2 Ke7 49. Kc3 Kf6 50. b4 axb4+ 51. axb4 Ke7 52. bxc5 bxc5 53. Bf3 Kd6 54. Kb3 Bc6 55. Bh5 Be4 56. Kc3 Kc6 57. Be8+ Kb6 58. Bf7 Kc7 59. Bd5 Bxd5 60. cxd5 Kd7 61. Kd3 Kc7 62. Kc3 Kd7 63. Kd3 Kc7 64. Kc3 1/2-1/2


[Site "https://www.chess.com"]

[Event "Titled Tuesday Blitz January 25 2022"]
[White "Garcia Martin, Marta"]
[Black "Papasimakopoulos, Alexandros"]
[WhiteFideId "32084030"]
[BlackFideId "4244125"]
[WhiteElo "2102"]
[BlackElo "2340"]
[Result "1/2-1/2"]
[Round "06"]
[TimeControl "180+1"]
[Date "2022.01.26"]
[WhiteClock "0:00:07"]
[BlackClock "0:00:04"]

1. Nf3 f5 2. c4 Nf6 3. Nc3 g6 4. g3 Bg7 5. Bg2 d6 6. d4 O-O 7. O-O e6 8. Qc2 Nc6 9. Rd1 Bd7 10. b3 Qe7 11. Bb2 Nb4 12. Qd2 a5 13. a3 Nc6 14. Qc2 h6 15. e4 fxe4 16. Nxe4 Nxe4 17. Qxe4 Qf7 18. Rd2 Qf5 19. Qxf5 gxf5 20. Re1 Nd8 21. Nh4 Rb8 22. Bc3 a4 23. b4 b5 24. c5 Re8 25. Ng6 Kf7 26. Nf4 dxc5 27. bxc5 Bc6 28. Rde2 Bxg2 29. Kxg2 c6 30. Ba5 Bxd4 31. Bxd8 Rbxd8 32. Nxe6 Rxe6 33. Rxe6 Bxc5 34. Rxc6 Bxa3 35. Rb1 b4 36. Ra6 Rd2 37. Rxa4 Rd6 38. Ra5 Kg6 39. Rb5 Rc6 40. Rb3 Re6 41. h4 h5 42. Kf3 Rd6 43. Re3 Rc6 44. Ree5 Rf6 45. Kg2 Bb2 46. Red5 Bc3 47. f3 Be1 48. Kh3 Bc3 49. Kg2 Be1 50. Re5 Bc3 51. Rec5 Be1 52. Kh3 Bc3 53. g4 fxg4+ 54. fxg4 Rf3+ 55. Kg2 hxg4 56. Rg5+ Kf6 57. Rxg4 Rd3 58. Rf4+ Ke6 59. Rf3 Rd2+ 60. Kh3 Rd1 61. Kg4 Kd6 62. h5 Kc6 63. Rbf5 Rg1+ 64. Rg3 Rxg3+ 65. Kxg3 b3 66. Rf1 b2 67. h6 Kc5 68. h7 Kb4 69. Rh1 Be5+ 70. Kf3 Kb3 71. Ke4 Bc3 72. Kf5 Bh8 73. Kg6 Ka2 74. Kf7 b1=Q 75. Rxb1 Kxb1 76. Kg8 Bc3 77. h8=Q Bxh8 1/2-1/2


[Site "https://www.chess.com"]

[Event "Titled Tuesday Blitz January 25 2022"]
[White "Garriga Cazorla, Pere"]
[Black "Seletsky, Grigory"]
[WhiteFideId "32011601"]
[BlackFideId "14112191"]
[WhiteElo "2458"]
[BlackElo "2492"]
[Result "1-0"]
[Round "06"]
[TimeControl "180+1"]
[Date "2022.01.26"]
[WhiteClock "0:00:22"]
[BlackClock "0:00:06"]

1. d4 Nf6 2. c4 e6 3. Nc3 Bb4 4. e3 O-O 5. Bd2 c5 6. Bd3 cxd4 7. exd4 Nc6 8. Nf3 d5 9. cxd5 Nxd5 10. O-O g6 11. Re1 Re8 12. Rc1 Bf8 13. Bg5 Be7 14. Bh6 Bf6 15. Qd2 Nxc3 16. bxc3 Bg7 17. Bg5 Bf6 18. Bf4 b6 19. h4 Bb7 20. h5 Rc8 21. Ng5 Na5 22. Ne4 Bxe4 23. Bxe4 Nc4 24. Qe2 Bg5 25. Qg4 Bxf4 26. Qxf4 Qd6 27. Qg5 Qd8 28. Qg3 Qf6 29. Bd3 Red8 30. Re4 Nd6 31. Rf4 Nf5 32. Qf3 Qg5 33. Bxf5 exf5 34. Re1 Re8 35. Rxe8+ Rxe8 36. g3 Kg7 37. Kg2 Re1 38. d5 Qe7 39. Rd4 Qd6 40. c4 Re7 41. a4 Qf6 42. Qf4 Rd7 43. h6+ Kf8 44. d6 Qe6 45. Qd2 f6 46. a5 Kf7 47. axb6 axb6 48. Qb4 Qe5 49. Qxb6 g5 50. Qc6 Qe6 51. c5 f4 52. Qe4 f5 53. Qxe6+ Kxe6 54. gxf4 gxf4 55. Rxf4 Kd5 56. Rxf5+ Kc6 57. Kg3 Rb7 58. Kg4 Rb3 59. Kg5 Rh3 60. f4 Rh2 61. Re5 Rh3 62. f5 Kd7 63. Re7+ Kd8 64. Rxh7 Rg3+ 65. Kf6 Rc3 66. Rc7 Ke8 67. h7 1-0


[Site "https://www.chess.com"]

[Event "Titled Tuesday Blitz January 25 2022"]
[White "Gelman, Alexander"]
[Black "Demin, Vladimir"]
[WhiteFideId "4118316"]
[BlackFideId "4167457"]
[WhiteElo "2375"]
[BlackElo "2516"]
[Result "1-0"]
[Round "06"]
[TimeControl "180+1"]
[Date "2022.01.26"]
[WhiteClock "0:00:03"]
[BlackClock "0:00:03"]

1. d4 Nf6 2. Nc3 d5 3. Bf4 a6 4. e3 e6 5. g4 Bb4 6. Bg2 b5 7. g5 Ne4 8. Bxe4 dxe4 9. Ne2 Bb7 10. a3 Bd6 11. h4 Nd7 12. Bxd6 cxd6 13. Ng3 d5 14. Qg4 Rc8 15. h5 Qa5 16. O-O O-O 17. Rac1 f5 18. gxf6 Rxf6 19. Nce2 Rcf8 20. Nf4 Qb6 21. f3 exf3 22. Rxf3 Qd6 23. Rcf1 e5 24. Nh3 Rxf3 25. Rxf3 Rxf3 26. Qxf3 e4 27. Qg4 Nf6 28. Qg5 Bc8 29. Nf4 h6 30. Qg6 Qd7 31. Kf2 Qc7 32. c3 a5 33. Nf5 Bxf5 34. Qxf5 Qc4 35. Qe6+ Kh7 36. Qf5+ Kg8 37. Ng6 Qd3 38. Qc8+ Kf7 39. Qf8+ Ke6 40. Qe7+ Kf5 41. Qe5+ Kg4 42. Qf4+ Kxh5 43. Qf5# 1-0


[Site "https://www.chess.com"]

[Event "Titled Tuesday Blitz January 25 2022"]
[White "Gnechko, Ruslan"]
[Black "Sadhwani, Raunak"]
[WhiteFideId "14135868"]
[BlackFideId "35093487"]
[WhiteElo "2289"]
[BlackElo "2616"]
[Result "0-1"]
[Round "06"]
[TimeControl "180+1"]
[Date "2022.01.26"]
[WhiteClock "0:00:41"]
[BlackClock "0:00:33"]

1. e4 e5 2. Nf3 Nc6 3. Bc4 d6 4. d4 exd4 5. Nxd4 Nf6 6. Nc3 Be7 7. O-O O-O 8. Nxc6 bxc6 9. b3 Nd7 10. Bb2 Bf6 11. Rb1 Re8 12. Re1 Nb6 13. Bf1 a5 14. a4 Bb7 15. f3 h5 16. Qd2 h4 17. Ne2 h3 18. g3 Bxb2 19. Rxb2 Qf6 20. Rbb1 Qxf3 21. Nd4 Qf6 22. Bxh3 c5 23. Nb5 Re7 24. Re2 Rae8 25. Rf1 Qh6 26. Qxh6 gxh6 27. e5 dxe5 28. Bf5 e4 29. Re3 Nd5 30. Ree1 e3 31. g4 Kg7 32. h4 Rd8 33. Kh2 Nb4 34. Re2 Rd2 35. Re1 Bf3 36. Nc3 Bxe2 37. Rxe2 Na2 0-1


[Site "https://www.chess.com"]

[Event "Titled Tuesday Blitz January 25 2022"]
[White "Goltseva, Ekaterina"]
[Black "Szpar, Milosz"]
[WhiteFideId "24173770"]
[BlackFideId "1184989"]
[WhiteElo "2140"]
[BlackElo "2447"]
[Result "0-1"]
[Round "06"]
[TimeControl "180+1"]
[Date "2022.01.26"]
[WhiteClock "0:01:04"]
[BlackClock "0:00:27"]

1. d4 Nf6 2. Nf3 e6 3. c4 c5 4. d5 d6 5. Nc3 exd5 6. cxd5 g6 7. e4 Bg7 8. Bf4 O-O 9. Bd3 Bg4 10. O-O Nh5 11. Be3 Nd7 12. Be2 Bxf3 13. Bxf3 Nhf6 14. Bf4 Qe7 15. Nb5 Ne5 16. a4 a6 17. Nc3 Nfd7 18. Be2 Rab8 19. Be3 g5 20. Ra3 Ng6 21. Qc1 h6 22. g3 Bxc3 23. bxc3 Qxe4 24. c4 Rbe8 25. Bd3 Qe7 26. Qc3 f5 27. Re1 Nde5 28. Kg2 Qf7 29. Raa1 f4 30. Bxg6 Qxg6 31. Bxc5 f3+ 32. Kh1 Qf5 33. Bxd6 Qh3 34. Rg1 Ng4 0-1


[Site "https://www.chess.com"]

[Event "Titled Tuesday Blitz January 25 2022"]
[White "Golubka, Petro"]
[Black "Rozhkov, Viacheslav"]
[WhiteFideId "14114224"]
[BlackFideId "4181484"]
[WhiteElo "2392"]
[BlackElo "2324"]
[Result "1-0"]
[Round "06"]
[TimeControl "180+1"]
[Date "2022.01.26"]
[WhiteClock "0:00:31"]
[BlackClock "0:00:19"]

1. d4 d5 2. Nf3 Nf6 3. Bf4 e6 4. e3 Bd6 5. Bg5 h6 6. Bh4 Be7 7. Nc3 Ne4 8. Bxe7 Qxe7 9. Nxe4 dxe4 10. Nd2 f5 11. f3 O-O 12. Bc4 exf3 13. Qxf3 Bd7 14. O-O-O Nc6 15. h4 Kh8 16. c3 e5 17. g3 e4 18. Qf4 a6 19. Qxc7 Rfc8 20. Qb6 a5 21. Kb1 a4 22. Be2 Na5 23. Rhg1 a3 24. Qb4 Qxb4 25. cxb4 Nc6 26. bxa3 Rxa3 27. Nc4 Ra4 28. a3 Nxb4 29. Nb6 Rxa3 30. Nxc8 Bxc8 31. Rc1 Be6 32. Bc4 Bxc4 33. Rxc4 Rb3+ 34. Ka1 Nd5 35. Rb1 Ra3+ 36. Kb2 Rxe3 37. Rc5 Re2+ 38. Ka3 Nf6 39. Rb3 Rf2 40. Rxb7 e3 41. Re5 Ne4 42. Re8+ Kh7 43. Ree7 e2 44. Rxg7+ Kh8 45. Rh7+ Kg8 46. Rhd7 Nf6 47. Rd8+ 1-0


[Site "https://www.chess.com"]

[Event "Titled Tuesday Blitz January 25 2022"]
[White "Goryachkina, Aleksandra"]
[Black "Di Nicolantonio, Lucas"]
[WhiteFideId "4147103"]
[BlackFideId "680460"]
[WhiteElo "2426"]
[BlackElo "2381"]
[Result "1/2-1/2"]
[Round "06"]
[TimeControl "180+1"]
[Date "2022.01.26"]
[WhiteClock "0:00:10"]
[BlackClock "0:00:06"]

1. e4 g6 2. d4 Bg7 3. Nf3 d6 4. Nbd2 Nf6 5. Bd3 O-O 6. O-O Nc6 7. Re1 e5 8. c3 h6 9. h3 Re8 10. Nf1 Nh5 11. Bc2 Qf6 12. dxe5 dxe5 13. Ne3 Rd8 14. Nd5 Qd6 15. Be3 Be6 16. Bb3 Na5 17. Qc1 Nxb3 18. axb3 Bxd5 19. exd5 Qxd5 20. Bxh6 Qxb3 21. Bxg7 Nxg7 22. Nxe5 Re8 23. Qf4 Nh5 24. Qf3 c6 25. Re3 Qd5 26. Qxd5 cxd5 27. Rd1 Rad8 28. Kf1 Kg7 29. Ng4 Nf4 30. Rxe8 Rxe8 31. h4 Rd8 32. g3 Ne6 33. Ke2 d4 34. c4 Rc8 35. b3 b5 36. cxb5 Rc3 37. Ne5 Rxb3 38. Nc6 Rxb5 39. Nxd4 Rb2+ 40. Kf3 Nxd4+ 41. Rxd4 a5 42. Rd5 a4 43. Ra5 Rb3+ 44. Kg2 a3 45. Ra6 Kh6 46. Ra7 f6 47. Ra6 f5 48. Ra7 Rc3 49. Ra6 Kh5 50. Ra4 Rb3 51. Ra7 Kh6 52. Kh3 f4 53. Kg4 fxg3 54. fxg3 Rb4+ 55. Kh3 Rb3 56. Kg4 Rb4+ 57. Kh3 Rb3 58. Kg4 1/2-1/2


[Site "https://www.chess.com"]

[Event "Titled Tuesday Blitz January 25 2022"]
[White "Grafil, Franz Robert"]
[Black "Petrovskyi, Vadym"]
[WhiteFideId "5205298"]
[BlackFideId "14165210"]
[WhiteElo "2211"]
[BlackElo "2424"]
[Result "1-0"]
[Round "06"]
[TimeControl "180+1"]
[Date "2022.01.26"]
[WhiteClock "0:00:07"]
[BlackClock "0:00:12"]

1. d4 Nf6 2. c4 g6 3. g3 Bg7 4. Bg2 O-O 5. Nc3 d6 6. Nf3 Nbd7 7. O-O e5 8. e4 c6 9. Qc2 Re8 10. Rd1 Qe7 11. b3 Nf8 12. Ba3 exd4 13. Nxd4 N6d7 14. h3 Nc5 15. b4 Nce6 16. Nde2 Nd7 17. Rac1 Ne5 18. Qb3 h5 19. f4 Nd7 20. Bb2 h4 21. g4 a5 22. a3 g5 23. f5 Nf4 24. Nxf4 gxf4 25. Ne2 Ne5 26. Nxf4 Bh6 27. Rf1 axb4 28. axb4 Qc7 29. Nh5 Bg5 30. Rcd1 Kf8 31. Bc1 Bxc1 32. Rxc1 Qb6+ 33. c5 dxc5 34. Qe3 Nd7 35. bxc5 Qb2 36. f6 Re5 37. Qh6+ Ke8 38. Qh8+ Nf8 39. Ng7+ Kd7 40. Qxf8 Qd2 41. Rcd1 Ra2 42. Rxd2+ Rxd2 43. Qxf7+ Kd8 44. Nf5 b5 45. Nd6 Bd7 46. Qf8+ Kc7 47. f7 Rxc5 48. Ne8+ Kb6 49. Qxc5+ Kxc5 50. f8=Q+ Kc4 51. Nf6 Be6 52. Qe7 Bc8 53. Rc1+ Kb3 54. Qc5 Rd3 55. Qc2+ Kb4 56. Qxd3 Bxg4 57. Qc3+ Ka4 58. Ra1# 1-0


[Site "https://www.chess.com"]

[Event "Titled Tuesday Blitz January 25 2022"]
[White "Harshavardhan G B"]
[Black "Potapova, Margarita"]
[WhiteFideId "25059009"]
[BlackFideId "14126869"]
[WhiteElo "1831"]
[BlackElo "2209"]
[Result "1-0"]
[Round "06"]
[TimeControl "180+1"]
[Date "2022.01.26"]
[WhiteClock "0:01:27"]
[BlackClock "0:00:01"]

1. e4 c5 2. Nf3 d6 3. d4 cxd4 4. Nxd4 Nf6 5. Nc3 a6 6. Qf3 g6 7. h3 Bg7 8. Be3 O-O 9. g4 Nc6 10. O-O-O Be6 11. Kb1 Rc8 12. Qg2 Nb4 13. a3 Nc6 14. f4 Na5 15. e5 Nd7 16. f5 Bc4 17. f6 exf6 18. exd6 Bxf1 19. Rhxf1 Nc4 20. Nd5 Kh8 21. h4 Rc5 22. Bc1 Nde5 23. h5 Qxd6 24. Nb3 Rcc8 25. h6 Bxh6 26. Bxh6 Rfd8 27. Nxf6 Qb6 28. Rxd8+ Rxd8 29. Qh2 Nxg4 30. Nxg4 1-0


[Site "https://www.chess.com"]

[Event "Titled Tuesday Blitz January 25 2022"]
[White "Havanecz, Bianka"]
[Black "Yurovskykh, Oleksandr"]
[WhiteFideId "704814"]
[BlackFideId "14134020"]
[WhiteElo "2366"]
[BlackElo "2292"]
[Result "1-0"]
[Round "06"]
[TimeControl "180+1"]
[Date "2022.01.26"]
[WhiteClock "0:00:08"]
[BlackClock "0:00:02"]

1. d4 d5 2. c4 dxc4 3. e3 Nf6 4. Bxc4 e6 5. Nf3 c5 6. O-O Nc6 7. Qe2 cxd4 8. Rd1 Be7 9. exd4 O-O 10. a3 Nd5 11. Nbd2 b6 12. Ne4 Bb7 13. Bg5 f6 14. Bh4 Qd7 15. Rac1 Rac8 16. Ba2 Rfd8 17. Nc3 Bf8 18. Re1 Re8 19. Nxd5 exd5 20. Qb5 Rxe1+ 21. Rxe1 Nb8 22. Qd3 Ba6 23. Qd2 Nc6 24. h3 Na5 25. Bb1 Nb7 26. Bg3 Bd6 27. Bxd6 Nxd6 28. Qf4 Bc4 29. Nd2 Re8 30. Rc1 Rc8 31. Qf3 Qf7 32. Nxc4 Rxc4 33. Re1 Rc8 34. Ba2 Nc4 35. a4 a5 36. Rc1 Kf8 37. b3 Nd6 38. Rxc8+ Nxc8 39. Bb1 g6 40. Bd3 Ne7 41. Bb5 Qe6 42. Qc3 Qd6 43. g3 Kf7 44. h4 h5 45. Kg2 Qe6 46. Qd3 Qe4+ 47. Qxe4 dxe4 48. Kf1 Ke6 49. Ke2 Kd5 50. Be8 Kxd4 51. Bf7 f5 52. Kd2 Ke5 53. Ke3 Kf6 54. Bc4 g5 55. hxg5+ Kxg5 56. Kd4 Ng6 57. Kd5 f4 58. Kc6 fxg3 59. fxg3 Kg4 60. Be2+ Kxg3 61. Bxh5 Ne5+ 62. Kxb6 Nf3 63. Bg6 e3 64. Bd3 Ne5 65. Be2 Kf2 66. Bb5 Ke1 67. Kxa5 Kd2 68. Bf1 Nc6+ 69. Kb6 Nd4 70. a5 Nxb3 71. a6 1-0


[Site "https://www.chess.com"]

[Event "Titled Tuesday Blitz January 25 2022"]
[White "Howell, David W L"]
[Black "Piorun, Kacper"]
[WhiteFideId "410608"]
[BlackFideId "1130420"]
[WhiteElo "2559"]
[BlackElo "2571"]
[Result "1/2-1/2"]
[Round "06"]
[TimeControl "180+1"]
[Date "2022.01.26"]
[WhiteClock "0:00:20"]
[BlackClock "0:00:28"]

1. e4 c5 2. Nc3 a6 3. b3 Nc6 4. Bb2 e6 5. Nf3 Nge7 6. d4 cxd4 7. Nxd4 Nxd4 8. Qxd4 Nc6 9. Qe3 Qa5 10. O-O-O Ba3 11. Qg3 O-O 12. Bxa3 Qxa3+ 13. Kb1 b5 14. Qd6 Qa5 15. Kb2 Bb7 16. Be2 Rac8 17. a3 b4 18. axb4 Nxb4 19. Ra1 Qc5 20. Qxc5 Rxc5 21. Bc4 d5 22. exd5 exd5 23. Na4 Rc7 24. Bd3 d4 25. f3 Rfc8 26. Rac1 1/2-1/2


[Site "https://www.chess.com"]

[Event "Titled Tuesday Blitz January 25 2022"]
[White "Ibrahimli, Murad"]
[Black "Hamitevici, Vladimir"]
[WhiteFideId "13410229"]
[BlackFideId "13902393"]
[WhiteElo "2109"]
[BlackElo "2359"]
[Result "1-0"]
[Round "06"]
[TimeControl "180+1"]
[Date "2022.01.26"]
[WhiteClock "0:01:07"]
[BlackClock "0:00:29"]

1. d4 Nf6 2. c4 b6 3. Nc3 Bb7 4. Qc2 d5 5. cxd5 Nxd5 6. Nf3 e6 7. e4 Nxc3 8. bxc3 Be7 9. Bb5+ c6 10. Bd3 c5 11. Bb5+ Bc6 12. Bxc6+ Nxc6 13. O-O O-O 14. Qa4 Rc8 15. Be3 cxd4 16. cxd4 Na5 17. Rac1 Qe8 18. Qd1 Qb5 19. Ne5 f6 20. Qg4 f5 21. exf5 exf5 22. Qf3 Nc4 23. Bf4 Bf6 24. a4 Qxa4 25. Qd5+ 1-0


[Site "https://www.chess.com"]

[Event "Titled Tuesday Blitz January 25 2022"]
[White "Iskusnyh, Sergei"]
[Black "Dovbnia, Nikita"]
[WhiteFideId "4120027"]
[BlackFideId "54104599"]
[WhiteElo "2492"]
[BlackElo "2111"]
[Result "1-0"]
[Round "06"]
[TimeControl "180+1"]
[Date "2022.01.26"]
[WhiteClock "0:01:53"]
[BlackClock "0:01:45"]

1. d4 Nf6 2. c4 e6 3. g3 Bb4+ 4. Bd2 Qe7 5. Bg2 O-O 6. e3 Bxd2+ 7. Qxd2 d6 8. Nc3 Re8 9. Nge2 c6 10. O-O e5 11. d5 c5 12. e4 b6 13. Nc1 Nbd7 14. Nd3 Ba6 15. b3 Rf8 16. a4 Bb7 17. a5 g6 18. Nb5 Kg7 19. Rfe1 Rfc8 20. a6 Bxd5 1-0


[Site "https://www.chess.com"]

[Event "Titled Tuesday Blitz January 25 2022"]
[White "Janaszak, Dawid"]
[Black "Shipov, Sergei"]
[WhiteFideId "1119206"]
[BlackFideId "4113624"]
[WhiteElo "2199"]
[BlackElo "2770"]
[Result "0-1"]
[Round "06"]
[TimeControl "180+1"]
[Date "2022.01.26"]
[WhiteClock "0:00:00"]
[BlackClock "0:00:17"]

1. e4 e6 2. d4 d5 3. Bd3 dxe4 4. Bxe4 Nf6 5. Bf3 c5 6. Ne2 Nc6 7. Be3 cxd4 8. Nxd4 Ne5 9. Nc3 a6 10. Qe2 Nxf3+ 11. gxf3 Bd7 12. O-O-O Rc8 13. Kb1 Rxc3 14. bxc3 Nd5 15. Bd2 Be7 16. Rhg1 O-O 17. Qd3 Qb6+ 18. Ka1 Rc8 19. f4 Bf6 20. Rb1 Qc7 21. Rb3 b5 22. f5 Qxh2 23. Qg3 Qxg3 24. Rxg3 exf5 25. Bg5 Be5 26. f4 Nxf4 27. Re3 Bd6 28. a4 Nd5 29. Rf3 g6 30. axb5 axb5 31. Nxb5 Be5 32. Kb2 h5 33. Bd2 Bf6 34. Rd3 Be6 35. Nd4 Nc7 36. Rb7 Bd5 37. Ra7 Be4 38. Rg3 Nd5 39. Kc1 Nb6 40. Nb5 Nc4 0-1


[Site "https://www.chess.com"]

[Event "Titled Tuesday Blitz January 25 2022"]
[White "Jaracz, Pawel"]
[Black "Shevchenko, Kirill"]
[WhiteFideId "1102222"]
[BlackFideId "14129574"]
[WhiteElo "2429"]
[BlackElo "2624"]
[Result "1-0"]
[Round "06"]
[TimeControl "180+1"]
[Date "2022.01.26"]
[WhiteClock "0:00:08"]
[BlackClock "0:00:02"]

1. e4 c5 2. Nf3 d6 3. Bc4 Nf6 4. d3 Nc6 5. O-O g6 6. c3 Bg7 7. Bb3 O-O 8. h3 b5 9. Re1 e5 10. d4 exd4 11. cxd4 c4 12. Bc2 Nb4 13. a4 bxa4 14. Nc3 Bb7 15. Rxa4 a5 16. Bf4 Re8 17. Bb1 Qb6 18. Qd2 Qa6 19. Ra3 Nd3 20. Bxd3 cxd3 21. e5 Nd5 22. Nxd5 Bxd5 23. Rxd3 dxe5 24. dxe5 Bb7 25. Rd6 Qc4 26. Ng5 h6 27. Rd4 Qc6 28. Ne4 Bxe5 29. Bxe5 Rxe5 30. Qxh6 Rae8 31. f3 f5 32. Rd6 Rxe4 33. Qxg6+ Kf8 34. Qf6+ Kg8 35. Qg6+ Kh8 36. fxe4 Qc5+ 37. Kh1 Qe5 38. Qh6+ Kg8 39. Rg6+ Kf7 40. Qh7+ 1-0


[Site "https://www.chess.com"]

[Event "Titled Tuesday Blitz January 25 2022"]
[White "Jobava, Baadur"]
[Black "Atakishiyev, Elmar"]
[WhiteFideId "13601520"]
[BlackFideId "13410547"]
[WhiteElo "2617"]
[BlackElo "2087"]
[Result "1-0"]
[Round "06"]
[TimeControl "180+1"]
[Date "2022.01.26"]
[WhiteClock "0:01:21"]
[BlackClock "0:01:38"]

1. e4 e6 2. d4 d5 3. exd5 exd5 4. Nf3 Bd6 5. Bd3 Ne7 6. O-O O-O 7. Re1 Nbc6 8. c3 Bf5 9. Bg5 Qd7 10. Bxf5 Nxf5 11. Nbd2 Rfe8 12. Qb3 h6 13. Be3 Nxe3 14. fxe3 Ne7 15. e4 dxe4 16. Nxe4 c6 17. Re2 Nf5 18. Rae1 b6 19. g4 Ne7 20. Nxd6 Qxd6 21. Qc2 Kf8 22. Qh7 Ng6 23. Ne5 1-0


[Site "https://www.chess.com"]

[Event "Titled Tuesday Blitz January 25 2022"]
[White "Karabalis, Harilos"]
[Black "Seo, Jung Min"]
[WhiteFideId "4621808"]
[BlackFideId "1734687"]
[WhiteElo "2168"]
[BlackElo "2401"]
[Result "0-1"]
[Round "06"]
[TimeControl "180+1"]
[Date "2022.01.26"]
[WhiteClock "0:00:08"]
[BlackClock "0:00:37"]

1. e4 e6 2. d4 d5 3. Nc3 Nf6 4. e5 Nfd7 5. f4 c5 6. Nf3 Nc6 7. Be3 Qb6 8. Na4 Qa5+ 9. c3 cxd4 10. b4 Qc7 11. Nxd4 Nxd4 12. Bxd4 Be7 13. Bd3 a5 14. a3 b6 15. O-O Ba6 16. b5 Bb7 17. f5 Nc5 18. fxe6 Nxe6 19. Qg4 O-O 20. Rxf7 Rxf7 21. Qxe6 Bc5 22. Nxb6 Rf8 23. Nxd5 Bxd4+ 24. cxd4 Qd8 25. Bc4 Kh8 26. h3 Rd7 27. Ne3 Rxd4 28. Re1 Re4 29. Kh2 Qd4 30. Nc2 Qxc4 31. Qxc4 Rxc4 32. Ne3 Re4 33. Rf1 Rxf1 0-1


[Site "https://www.chess.com"]

[Event "Titled Tuesday Blitz January 25 2022"]
[White "Kekic, Armin"]
[Black "Sargsyan, Anna M."]
[WhiteFideId "14401274"]
[BlackFideId "13308130"]
[WhiteElo "2156"]
[BlackElo "2271"]
[Result "0-1"]
[Round "06"]
[TimeControl "180+1"]
[Date "2022.01.26"]
[WhiteClock "0:01:13"]
[BlackClock "0:01:25"]

1. e4 c6 2. d4 d5 3. Nc3 dxe4 4. Nxe4 Nd7 5. Nf3 Ngf6 6. Nxf6+ Nxf6 7. h3 Bf5 8. Bd3 e6 9. Bxf5 Qa5+ 10. c3 Qxf5 11. O-O Bd6 12. Re1 O-O 13. Qe2 c5 14. dxc5 Bxc5 15. Be3 Rac8 16. Bxc5 Qxc5 17. Rad1 h6 18. Rd4 Qa5 19. a3 Qb6 20. Red1 Nd5 21. c4 Nf6 22. b4 a5 23. c5 Qa7 24. Ne5 axb4 25. axb4 Qa3 26. Qb5 Nd5 27. R1d3 Qc1+ 28. Kh2 Qe1 29. Rf3 Qxe5+ 0-1


[Site "https://www.chess.com"]

[Event "Titled Tuesday Blitz January 25 2022"]
[White "Korchmar, Vasiliy"]
[Black "Perske, Thore"]
[WhiteFideId "24131750"]
[BlackFideId "12902195"]
[WhiteElo "2370"]
[BlackElo "2315"]
[Result "0-1"]
[Round "06"]
[TimeControl "180+1"]
[Date "2022.01.26"]
[WhiteClock "0:00:01"]
[BlackClock "0:00:36"]

1. d4 Nf6 2. Bf4 g6 3. Nc3 Bg7 4. e4 d5 5. e5 Ne4 6. Nxe4 dxe4 7. Ne2 c5 8. dxc5 Qa5+ 9. Nc3 Qxc5 10. Qd5 Qb6 11. Bb5+ Nc6 12. Qxe4 O-O 13. O-O Bf5 14. Qa4 Nxe5 15. Rfe1 Nc6 16. Nd5 Qc5 17. Bxc6 bxc6 18. Nxe7+ Kh8 19. Qxc6 Qxc6 20. Nxc6 Bxb2 21. Rab1 Bf6 22. Be5 Bxe5 23. Nxe5 f6 24. Nd3 Rf7 25. Red1 Rc8 26. Rd2 Rfc7 27. Rc1 Bxd3 28. Rxd3 Rxc2 29. Rxc2 Rxc2 30. g4 Rxa2 31. Rd7 a5 32. Kg2 g5 33. Rf7 a4 34. Rxf6 Kg7 35. Ra6 a3 36. Kf3 Ra1 37. Ke4 a2 38. Kf5 h6 39. h3 Kf7 40. Ra7+ Ke8 41. Kg6 Rh1 0-1


[Site "https://www.chess.com"]

[Event "Titled Tuesday Blitz January 25 2022"]
[White "Le, Tuan Minh"]
[Black "Brodowski, Piotr"]
[WhiteFideId "12401153"]
[BlackFideId "1124480"]
[WhiteElo "2450"]
[BlackElo "2422"]
[Result "1-0"]
[Round "06"]
[TimeControl "180+1"]
[Date "2022.01.26"]
[WhiteClock "0:00:06"]
[BlackClock "0:00:02"]

1. d4 d6 2. Nf3 g6 3. e4 Bg7 4. Bc4 c6 5. Bb3 d5 6. Nc3 dxe4 7. Nxe4 Nf6 8. Neg5 O-O 9. Ne5 Nd5 10. Ngf3 Nd7 11. O-O Nxe5 12. Nxe5 Be6 13. Re1 Nc7 14. c3 Bxb3 15. Qxb3 Rb8 16. Bg5 h6 17. Bh4 g5 18. Bg3 Qd5 19. Qxd5 Nxd5 20. Nd7 Rbd8 21. Nxf8 Kxf8 22. h4 Nb6 23. Re2 Nc4 24. Rae1 e6 25. hxg5 hxg5 26. f4 g4 27. Bh4 Rd5 28. Kf2 Nd6 29. Kg3 c5 30. dxc5 Rd3+ 31. Kxg4 Nf5 32. g3 a5 33. Rg1 a4 34. Re4 a3 35. bxa3 Bxc3 36. a4 Bd4 37. Rc1 Bf2 38. c6 bxc6 39. Rxc6 Bxg3 40. Bf6 Kg8 41. Rc8+ Kh7 42. Kh5 Ng7+ 43. Kg4 Nf5 44. Kh5 Ng7+ 45. Bxg7 Kxg7 46. Rec4 Be1 47. f5 Rh3+ 48. Kg4 Rg3+ 49. Kf4 Ra3 50. fxe6 fxe6 51. Re4 Bg3+ 52. Kg4 Kf6 53. Rc6 Kf7 54. Rcxe6 Bf2 55. Re7+ Kf6 56. R7e6+ Kf7 57. Ra6 Bc5 58. Rc4 Be7 59. a5 Bd8 60. Ra7+ Ke6 61. a6 Kd5 62. Rc8 Bb6 63. Raa8 Ra4+ 64. Kf5 Rxa2 65. Rh8 Bg1 66. Rhd8+ Kc6 67. Ke4 Kb6 68. Rd6+ Kc7 69. Rg6 Bc5 70. Rh8 Ba7 71. Rh7+ Kb8 72. Rg8# 1-0


[Site "https://www.chess.com"]